Map: Overgrown Facility

Players

Silverfire

  • Race: Terran Terran
  • Spawn Location: 1:00

koala

  • Race: Terran Terran
  • Spawn Location: 3:00

Throwfordays

  • Race: Protoss Protoss
  • League: Bronze
  • Spawn Location: 9:00

Cthulhu

  • Race: Zerg Zerg
  • Spawn Location: 7:00

VOD

Have the link to the VOD?

Description

Time

  • Played on: Jan. 31, 2019, 9:55 p.m.
  • Length: 19:04
Show
View Real Time Build Order
Export as new Build Order

Silverfire Terran 

Build Orders:  

Get SALT Encoding   

  12  0:01  SCV  
  13  0:13  SCV  
  14  0:25  SCV  
  15  0:28  Supply Depot  
  15  0:31  Refinery  
  15  0:53  Barracks  
  15  0:56  SCV  
  16  1:03  Refinery  
  16  1:08  SCV  
  17  1:20  SCV  
  18  1:40  Command Center  
  18  1:43  Marine  
  19  1:55  Orbital Command  
  19  2:09  Marine  
  20  2:33  SCV  
  21  2:45  SCV  
  21  2:46  Engineering Bay  
  21  2:47  Engineering Bay  
  22  2:52  Orbital Command  
  22  2:54  Refinery  
  22  2:58  SCV  
  23  3:13  Marine  
  23  3:16  SCV  
  25  3:21  SCV  
  25  3:28  SCV  
  25  3:33  SCV  
  27  3:36  Supply Depot  
  27  3:40  Marine, Factory  
  27  3:41  SCV  
  29  3:45  SCV  
  30  3:58  Marine  
  30  3:59  Neosteel Armor, Hi-Sec Auto Tracking  
  30  4:01  SCV  
  32  4:06  Refinery, SCV  
  33  4:13  SCV  
  34  4:18  SCV  
  34  4:23  Barracks Tech Lab  
  35  4:26  SCV  
  35  4:31  SCV  
  37  4:35  Factory  
  37  4:36  Factory Tech Lab  
  37  4:44  SCV  
  38  4:56  SCV  
  38  4:58  Marine  
  38  4:59  Combat Shield  
  40  5:04  Cyclone  
  40  5:06  Mag-Field Accelerator  
  43  5:08  SCV  
  44  5:15  Armory  
  44  5:16  Armory  
  44  5:18  Supply Depot  
  44  5:26  Factory Tech Lab  
  44  5:27  Factory  
  44  5:32  Command Center  
  44  5:39  Cyclone  
  47  5:52  Cyclone  
  47  5:56  SCV  
  51  6:01  Missile Turret  
  51  6:08  SCV  
  52  6:11  Refinery  
  52  6:13  Refinery, SCV  
  52  6:16  Factory Tech Lab  
  53  6:20  SCV  
  53  6:21  Terran Vehicle Weapons Level 1, Terran Vehicle And Ship Armor Level 1  
  53  6:23  Missile Turret  
  54  6:28  Supply Depot  
  54  6:36  SCV  
  54  6:39  Cyclone x3  
  64  6:44  Missile Turret  
  64  6:48  SCV, Smart Servos, Drilling Claws  
  65  6:55  Marine  
  66  7:06  Missile Turret  
  66  7:12  Marine  
  67  7:27  Missile Turret  
  67  7:28  Orbital Command  
  67  7:30  Marine  
  67  7:33  SCV  
  69  7:37  SCV  
  69  7:41  Terran Infantry Armor Level 1, Terran Infantry Weapons Level 1  
  70  7:45  SCV, Cyclone x3  
  70  7:48  Marine  
  70  7:49  SCV, Missile Turret  
  82  8:06  Marine  
  82  8:09  SCV  
  84  8:16  Terran Vehicle Weapons Level 2  
  84  8:17  Cyclone x3  
  93  8:21  SCV  
  93  8:22  Terran Vehicle And Ship Armor Level 2  
  93  8:25  Supply Depot  
  94  8:33  SCV  
  95  8:48  Marine  
  96  9:03  Command Center  
  96  9:04  Cyclone x3  
  96  9:06  Marine  
  106  9:19  Sensor Tower, Stimpack  
  106  9:24  Marine  
  107  9:42  Marine, Command Center  
  108  9:53  Cyclone x3  
  117  10:08  Supply Depot x2  
  117  10:09  Supply Depot x2  
  117  10:14  Marine  
  118  10:24  Orbital Command  
  118  10:27  Refinery  
  118  10:32  Supply Depot  
  118  10:33  Supply Depot x2  
  118  10:34  Terran Infantry Armor Level 2, Terran Infantry Weapons Level 2  
  118  10:35  Supply Depot  
  118  10:36  Terran Vehicle Weapons Level 3  
  118  10:38  Terran Ship Weapons Level 1  
  118  10:50  Refinery  
  118  10:56  Refinery  
  118  10:57  Starport  
  118  10:58  Starport  
  118  10:59  Starport x2  
  118  11:00  Marine  
  119  11:12  Orbital Command  
  119  11:18  Marine  
  119  11:21  Refinery  
  120  11:36  Marine  
  121  11:54  Marine  
  71  12:11  Marine  
  71  12:13  Starport Tech Lab x3  
  69  12:21  Fusion Core  
  69  12:23  Starport Tech Lab  
  69  12:36  Terran Ship Weapons Level 2  
  69  12:41  Thor x3  
  87  13:11  Battlecruiser x4  
  111  13:13  Terran Vehicle And Ship Armor Level 3  
  107  13:58  Thor x3  
  125  14:15  Battlecruiser x3  
  143  14:21  Missile Turret  
  127  14:35  Battlecruiser  
  127  14:42  Missile Turret  
  97  15:13  Widow Mine x3  
  103  15:19  Battlecruiser x3  
  121  15:34  Widow Mine x3  
  127  15:51  Missile Turret  
  127  15:55  Widow Mine  
  127  15:56  Widow Mine x2  
  133  16:11  Missile Turret  
  133  16:17  Widow Mine x3  
  139  16:38  Widow Mine x2  
  139  16:39  Widow Mine  
  145  16:42  Battlecruiser  
  145  16:43  Battlecruiser x3  
  169  17:00  Widow Mine x3  
  175  17:21  Widow Mine  
  177  17:47  Battlecruiser x2  
Show
View Real Time Build Order
Export as new Build Order

koala Terran 

Build Orders:  

Get SALT Encoding   

  12  0:01  SCV  
  13  0:13  SCV  
  14  0:19  Supply Depot  
  14  0:25  SCV  
  15  0:31  Refinery  
  15  0:44  Barracks  
  15  0:47  SCV  
  16  0:59  SCV  
  17  1:05  Barracks  
  17  1:12  SCV  
  18  1:24  SCV  
  19  1:29  Supply Depot  
  19  1:32  Refinery  
  19  1:38  SCV  
  20  1:42  Barracks Tech Lab  
  20  1:53  Reaper  
  21  1:58  Orbital Command  
  21  2:08  Reaper  
  22  2:28  Reaper  
  23  2:30  SCV  
  24  2:40  Reaper  
  25  3:00  Reaper  
  26  3:09  Command Center  
  26  3:12  Reaper  
  28  3:37  SCV  
  29  3:43  Factory  
  29  3:49  Marine  
  29  3:50  Marine  
  29  4:03  Stimpack  
  26  4:21  Marine x2  
  26  4:24  Orbital Command  
  26  4:28  Factory Reactor  
  26  4:31  Factory  
  26  4:34  Starport  
  26  4:36  Engineering Bay  
  26  4:38  Engineering Bay  
  26  4:39  Marine  
  26  4:41  Marine  
  28  4:53  SCV  
  28  4:55  SCV  
  30  5:03  Barracks Tech Lab  
  30  5:04  Marine  
  31  5:09  Missile Turret  
  31  5:11  Missile Turret  
  31  5:17  Factory Reactor  
  31  5:23  Starport Tech Lab  
  31  5:25  Terran Infantry Armor Level 1, Terran Infantry Weapons Level 1  
  31  5:28  Marine  
  31  5:29  Marine  
  31  5:30  Combat Shield  
  31  5:33  SCV  
  31  5:35  SCV  
  35  5:43  Widow Mine  
  35  5:44  Widow Mine  
  35  5:48  Marine x2  
  41  6:00  SCV x2  
  43  6:06  Supply Depot  
  43  6:08  Supply Depot  
  43  6:16  Medivac  
  43  6:18  Armory  
  45  6:23  Refinery  
  45  6:24  SCV  
  45  6:25  Refinery  
  46  6:27  Marine x2, SCV, Medivac  
  46  6:28  Widow Mine  
  53  6:42  Widow Mine  
  53  6:43  Widow Mine  
  53  6:45  SCV x2  
  59  6:56  Marine x2  
  61  7:04  Drilling Claws  
  61  7:14  Marine  
  62  7:17  Terran Vehicle Weapons Level 1  
  62  7:32  Supply Depot x2  
  62  7:33  Supply Depot  
  62  7:34  Supply Depot  
  62  7:37  Terran Infantry Weapons Level 2  
  62  7:38  Terran Infantry Armor Level 2  
  62  7:48  Missile Turret  
  62  7:53  Marine x2  
  64  8:11  Marine  
  65  8:14  Command Center  
  65  8:21  Missile Turret  
  65  8:54  Smart Servos  
  65  9:05  Barracks  
  65  9:08  Barracks  
  65  9:09  Barracks x2  
  65  9:10  Barracks  
  65  9:14  Terran Vehicle And Ship Armor Level 1  
  65  9:16  Medivac  
  63  9:44  Orbital Command  
  63  9:57  Barracks, Terran Infantry Weapons Level 3  
  63  9:58  Terran Infantry Armor Level 3  
  63  10:01  SCV  
  63  10:03  Barracks Tech Lab  
  63  10:05  Barracks  
  64  10:10  Barracks  
  64  10:13  Barracks Tech Lab x2  
  62  10:14  Barracks Reactor x2  
  60  10:28  Marine  
  60  10:29  Marine  
  62  10:40  Marine  
  62  10:41  Marauder x2  
  67  10:42  Concussive Shells  
  67  10:46  Marine x2  
  69  10:51  Barracks Reactor  
  69  10:52  Barracks Reactor  
  69  11:06  Medivac x2, Starport  
  73  11:27  SCV x3  
  76  11:34  Barracks Tech Lab  
  76  11:39  Refinery, SCV x2  
  79  11:40  SCV  
  79  11:51  SCV  
  54  12:32  Marine x2  
  54  12:33  Marine x6, Marauder x4  
  54  12:34  Marauder x2  
  70  12:50  Marine x4  
  70  12:51  Marine x4  
  76  12:52  Widow Mine  
  76  12:53  Widow Mine x2  
  76  12:54  Marauder x2  
  76  12:55  Marauder  
  90  13:04  Starport Reactor  
  90  13:06  Terran Vehicle And Ship Armor Level 2  
  90  13:12  Marine x4  
  92  13:13  Marine x2  
  92  13:14  Widow Mine x3  
  102  13:51  Marine x3  
  102  13:52  Marauder x2  
  109  14:11  Marine x4  
  109  14:13  Marine x2  
  109  14:14  Marine x2  
  109  14:15  Marine x2  
  109  14:16  Marine  
  109  14:17  Marine  
  109  14:23  Medivac x2  
  109  14:24  Medivac x2  
  108  14:29  Marine x2  
  108  14:30  Marine x2  
  109  14:43  Marine  
  108  14:47  Marine  
  108  14:48  Marine  
  108  14:49  Marine  
  109  14:56  Widow Mine x2, Marauder  
  109  15:22  Marine x2, Widow Mine x3  
  109  15:24  Supply Depot  
  109  15:25  Supply Depot  
  109  15:26  Supply Depot  
  109  15:28  Supply Depot  
  117  15:29  Medivac  
  117  15:30  Marauder  
  117  15:32  Medivac  
  117  15:33  Medivac x2  
  106  15:44  Widow Mine x2  
  106  15:47  Terran Vehicle And Ship Armor Level 3  
  106  15:48  Marine x2  
  106  15:49  Marine x7  
  117  15:50  Marine  
  117  15:51  Marine, Supply Depot, Marauder  
  117  15:53  Supply Depot  
  123  16:06  Marine  
  123  16:07  Marine x3  
  123  16:08  Medivac x3, Marauder  
  123  16:09  Medivac  
  137  16:49  Command Center  
  137  16:50  Command Center  
  97  17:18  Marine x3  
  97  17:19  Marine x9  
  97  17:21  Widow Mine x2  
  113  17:36  Marine x3  
  109  18:17  Marine x6  
  109  18:18  Marine x6  
  117  18:35  Marine x7  
  117  18:36  Marine x5  
Show
View Real Time Build Order
Export as new Build Order

Throwfordays Protoss 

Build Orders: 1 Gate Expand 

Get SALT Encoding   

  12  0:02  Probe  
  13  0:14  Probe  
  13  0:20  Pylon  
  14  0:27  Probe  
  15  0:39  Gateway, Probe  
  16  0:47  Assimilator  
  16  0:51  Probe  
  17  1:03  Probe  
  18  1:15  Probe  
  19  1:27  Probe  
  19  1:28  Cybernetics Core  
  20  1:43  Nexus  
  20  1:52  Assimilator  
  20  1:54  Warp Gate  
  20  2:10  Probe  
  21  2:22  Probe  
  22  2:24  Stargate  
  22  2:34  Pylon, Probe  
  23  2:39  Pylon  
  23  2:43  Adept  
  23  3:02  Void Ray, Probe  
  23  3:05  Probe  
  22  3:14  Probe  
  19  3:21  Adept  
  19  3:26  Probe  
  20  3:32  Probe  
  21  3:38  Probe  
  22  3:44  Probe  
  21  3:50  Probe  
  22  3:56  Probe  
  23  4:08  Probe  
  19  4:21  Probe  
  19  4:30  Adept  
  21  4:33  Probe x2  
  23  4:43  Probe  
  23  4:44  Probe  
  25  4:51  Probe  
  25  4:52  Probe  
  25  4:59  Probe  
  27  5:00  Probe  
  29  5:11  Probe x2  
  29  5:12  Assimilator  
  31  5:18  Assimilator  
  31  5:23  Probe  
  31  5:24  Probe  
  33  5:31  Probe  
  33  5:32  Probe  
  34  5:39  Probe  
  34  5:40  Probe  
  35  5:43  Protoss Air Weapons Level 1  
  37  5:50  Probe x2  
  39  6:02  Probe x2  
  41  6:05  Forge  
  41  6:08  Adept  
  43  6:14  Stargate, Probe x2  
  45  6:26  Probe x2  
  45  6:28  Protoss Shields Level 1  
  45  6:31  Pylon  
  47  6:34  Pylon  
  47  6:38  Probe x2  
  49  6:50  Probe x2  
  51  6:54  Fleet Beacon  
  51  7:02  Probe x2  
  53  7:12  Probe  
  53  7:13  Void Ray  
  58  7:20  Probe  
  58  7:22  Void Ray  
  63  7:32  Nexus  
  63  7:37  Assimilator  
  63  7:38  Protoss Air Weapons Level 2  
  63  7:40  Assimilator  
  63  7:51  Twilight Council  
  63  7:53  Probe  
  64  7:58  Probe  
  65  8:06  Probe  
  65  8:07  Void Ray  
  70  8:14  Pylon  
  70  8:23  Pylon  
  70  8:27  Pylon  
  70  8:29  Protoss Shields Level 2  
  70  8:32  Void Ray, Probe x2  
  76  8:37  Pylon  
  76  8:39  Pylon  
  76  8:40  Pylon  
  76  8:44  Probe x2  
  78  8:56  Probe x2  
  78  9:02  Probe  
  81  9:08  Probe  
  82  9:14  Probe  
  83  9:26  Probe  
  84  9:33  Stargate x2  
  84  9:36  Stargate  
  84  9:41  Anion Pulse-Crystals  
  84  9:50  Protoss Air Weapons Level 3  
  84  9:55  Void Ray x2  
  92  10:04  Probe  
  93  10:21  Void Ray  
  93  10:22  Void Ray  
  101  10:30  Void Ray  
  105  10:42  Protoss Shields Level 3  
  105  11:16  Tempest x2  
  115  11:36  Pylon  
  115  11:38  Pylon  
  115  11:40  Pylon  
  115  11:42  Pylon  
  115  11:43  Pylon  
  115  11:44  Tempest x2  
  115  11:45  Pylon  
  115  11:46  Pylon  
  125  11:48  Pylon  
  125  11:50  Pylon  
  125  11:53  Pylon  
  113  12:16  Void Ray x2  
  121  12:26  Void Ray  
  121  12:28  Protoss Air Armor Level 1  
  125  12:40  Mothership  
  133  12:55  Tempest x2  
  143  13:14  Robotics Facility  
  143  13:51  Nexus  
  143  13:58  Void Ray x5  
  163  14:03  Observer  
  164  14:25  Observer  
  95  15:10  Void Ray x5  
  115  15:24  Observer  
  116  15:45  Observer  
  117  15:53  Tempest x2, Void Ray  
  127  16:37  Tempest  
  127  16:38  Tempest x3  
  77  17:56  Robotics Bay  
  77  18:00  Robotics Facility  
  77  18:02  Robotics Facility  
  77  18:27  Assimilator  
  77  18:31  Assimilator  
  77  18:40  Robotics Facility  
  81  18:47  Pylon, Adept  
Show
View Real Time Build Order
Export as new Build Order

Cthulhu Zerg 

Build Orders: Hatch First 

Get SALT Encoding   

  12  0:01  Drone  
  13  0:12  Drone  
  14  0:38  Hatchery  
  14  0:41  Drone  
  14  0:50  Overlord  
  14  0:56  Extractor, Drone  
  14  1:09  Drone x2  
  16  1:27  Drone  
  16  1:28  Spawning Pool  
  16  1:32  Drone  
  17  1:40  Drone  
  18  1:48  Drone  
  18  1:50  Drone  
  20  1:59  Drone  
  21  2:03  Extractor  
  21  2:07  Drone  
  21  2:21  Roach Warren  
  20  2:25  Drone x3  
  23  2:34  Zergling x2  
  23  2:36  Zergling x2  
  25  2:37  Overlord  
  25  2:40  Metabolic Boost  
  25  2:45  Drone x2  
  27  3:00  Drone  
  27  3:01  Drone  
  27  3:05  Lair  
  29  3:32  Roach x3  
  34  3:41  Drone, Overlord  
  36  3:55  Drone  
  36  4:05  Roach  
  36  4:06  Roach x3  
  43  4:24  Overlord  
  43  4:31  Glial Reconstitution  
  43  4:40  Overlord x3  
  43  4:43  Burrow  
  43  4:49  Evolution Chamber  
  43  4:50  Drone, Evolution Chamber  
  43  4:51  Drone  
  43  4:53  Zergling x2  
  43  4:54  Roach x2  
  48  5:08  Drone  
  48  5:09  Drone  
  48  5:11  Extractor  
  49  5:24  Drone  
  49  5:25  Zergling x2  
  49  5:26  Roach x2  
  55  5:30  Overseer  
  55  5:36  Queen  
  57  5:54  Queen  
  57  5:55  Roach  
  57  5:56  Roach x3  
  66  6:01  Baneling Nest  
  66  6:04  Infestation Pit  
  64  6:10  Extractor  
  64  6:11  Drone x2  
  65  6:12  Drone  
  65  6:13  Overlord  
  66  6:40  Zergling x12  
  72  6:47  Centrifical Hooks  
  72  6:52  Infestor  
  74  6:54  Overlord  
  74  7:12  Zerg Missile Weapons Level 1  
  74  7:13  Zerg Ground Armor Level 1  
  74  7:14  Tunneling Claws  
  71  7:27  Infestor  
  71  7:31  Drone  
  71  7:32  Drone x3  
  71  7:33  Swarm Host  
  71  7:34  Swarm Host  
  71  7:36  Overlord x3  
  81  7:47  Drone, Overlord  
  82  7:51  Hatchery  
  81  8:08  Infestor, Hatchery, Swarm Host  
  81  8:10  Roach  
  81  8:11  Zergling x2  
  88  8:39  Overlord x3  
  88  8:40  Overlord  
  88  8:41  Drone x5  
  89  8:48  Overseer  
  87  8:56  Roach  
  87  8:59  Overseer  
  89  9:05  Spore Crawler x2  
  89  9:09  Spore Crawler  
  79  9:43  Drone  
  79  9:44  Drone x6  
  86  9:49  Drone  
  83  10:23  Drone x5  
  83  10:24  Drone x5  
  93  10:49  Drone x4  
  98  10:50  Drone  
  98  10:55  Queen  
  100  10:57  Drone  
  101  11:09  Baneling  
  101  11:10  Baneling x10  
  84  12:48  Drone  
  84  12:49  Drone x7  
  92  13:23  Hatchery  
  92  13:25  Baneling x9  
  91  13:35  Hatchery  
  60  14:20  Zergling x18  
  60  14:21  Zergling x4  
  51  14:38  Zergling x6  
  40  15:01  Drone  
  40  15:05  Evolution Chamber  
  33  15:17  Hatchery  
  33  15:20  Drone  
  34  15:21  Drone x2  
  35  15:37  Drone x2  
  35  15:41  Hatchery  
  33  16:12  Drone  
  33  16:13  Drone x2  
  33  16:18  Spawning Pool  
  33  17:30  Drone  
  33  17:31  Drone x2  
  33  17:35  Zergling x6  
  35  18:02  Hatchery  
Tags
 
Add a new tag
Caveats
  • Supply blocks, unpowered buildings, or Contaminate may cause inaccurate times.
  • Supply counts are checked every 10 seconds.